 Dungeon Crawl Stone Soup version 0.28-a0-561-gc72452776e (webtiles) character file.

Game seed: 6947821448978535794

373697 GordonOverkill the Peltast (level 23, -22/176 HPs)
             Began as a Djinni Artificer on Sept 28, 2021.
             Was the Champion of Makhleb.
             Annihilated by a vault warden (24 damage)
             ... while paralysed by an ogre mage
             ... on level 5 of the Vaults on Sept 29, 2021.
             The game lasted 01:49:40 (43202 turns).

GordonOverkill the Peltast (Djinni Artificer)      Turns: 43202, Time: 01:49:41

Health: -22/176    AC: 24    Str: 22 (25) XL:     23   Next: 79%
Gold:   1093       EV:  2    Int: 14 (16) God:    Makhleb [******] SH:  0 Dex: 16

rFire   + + .      SeeInvis +   R - +6 broad axe of the Coin {vamp, *Rage rC+ SInv}
rCold   + . .      Faith    .   S - +0 tower shield
rNeg    . . .      Spirit   .   f - +4 plate armour "Paextill" {Regen+ Str+3}
rPois   ∞          Reflect  +   C - +4 helmet of the Shoals {Str+4 Int+2}
rElec   .          Harm     .   t - +2 cloak {rCorr}
rCorr   +          Rampage  .   s - +2 pair of gloves {Stlth+}
Will    ++...      Rage     20% (boots unavailable) Stlth ..........Clarity +
                                u - amulet of reflection
HPRegen 1.39/turn               Q - +4 ring of slaying
MPRegen 0.00/turn               y - ring of protection from cold

@: paralysed, corroded, flying, studying 2 skills
A: sickness immunity, fire resistance 2, cold vulnerability 1, float, innate
caster, hp casting, extra vitality 1, clarity, deterioration 1, sturdy frame 1
}: 2/15 runes: decaying, serpentine
a: Renounce Religion, Minor Destruction, Lesser Servant of Makhleb, Major
Destruction, Greater Servant of Makhleb


You were on level 5 of the Vaults.
You worshipped Makhleb.
Makhleb was exalted by your worship.
You visited 6 branches of the dungeon, and saw 36 of its levels.
You also visited: Sewer, Ossuary, Ice Cave and Volcano.

You collected 4976 gold pieces.
You spent 3883 gold pieces at shops.

Inventory:

Hand Weapons
 g - a +8 broad axe of flaming
 G - a +1 dire flail of holy wrath
 L - a +3 vorpal broad axe
 R - the +6 broad axe of the Coin (weapon) {vamp, *Rage rC+ SInv}
   (You found it on level 2 of the Snake Pit)

   It occasionally heals its wielder for a portion of the damage dealt when it
   wounds a living foe.
   rC:        It protects you from cold.
   SInv:      It lets you see invisible.
   *Rage:     It berserks you when you make melee attacks (+20% chance).
Missiles
 x - 11 curare-tipped darts
Armour
 f - the +4 plate armour "Paextill" (worn) {Regen+ Str+3}
   (You found it on level 6 of the Dungeon)

   Str:       It affects your strength (+3).
   Regen:     It increases your rate of health regeneration.
 s - a +2 pair of gloves of stealth (worn)
 t - a +2 cloak of preservation (worn)
 C - the +4 helmet of the Shoals (worn) {Str+4 Int+2}
   (You found it on level 2 of the Lair of Beasts)

   Str:       It affects your strength (+4).
   Int:       It affects your intelligence (+2).
 S - a +0 tower shield (worn)
Jewellery
 c - a ring of willpower
 d - a ring of fire
 e - an amulet of regeneration
 h - a +4 ring of evasion
 l - a ring of see invisible
 u - an amulet of reflection (around neck)
 y - a ring of protection from cold (right hand)
 Q - a +4 ring of slaying (left hand)
Wands
 F - a wand of digging (11)
 J - a wand of iceblast (3)
 K - a wand of mindburst (31)
 M - a wand of paralysis (8)
 O - a wand of acid (2)
Scrolls
 i - 17 scrolls of identify
 j - 7 scrolls of fear
 k - 20 scrolls of teleportation
 q - 3 scrolls of blinking
 w - 8 scrolls of magic mapping
 A - a scroll of immolation
 E - a scroll of fog
 I - a scroll of summoning
 V - 5 scrolls of enchant armour
 W - 4 scrolls of silence
 X - a scroll of holy word
Potions
 a - 8 potions of lignification
 o - 8 potions of haste
 p - 8 potions of curing
 r - 2 potions of cancellation
 v - 2 potions of might
 z - 2 potions of heal wounds
 B - a potion of ambrosia
 D - 3 potions of brilliance
 H - a potion of resistance
Miscellaneous
 m - a phantom mirror
 N - a tin of tremorstones (2/2)
 U - a piece from Xom's chessboard (15/15)
 Y - a phial of floods


   Skills:
 + Level 18.7 Fighting
 - Level 2.9 Short Blades
 - Level 19.7(20.0) Axes
 - Level 5.3(13.9) Maces & Flails
 - Level 6.0 Armour
 - Level 11.0 Dodging
 - Level 0.7 Stealth
 - Level 20.0 Shields
 - Level 16.0 Invocations
 - Level 6.0 Evocations


You couldn't memorise any spells.
You knew the following spells:

 Your Spells              Type           Power      Damage    Failure   Level
a - Beastly Appendage     Tmut           0%         N/A       99%         1
b - Passwall              Tmut/Erth      0%         N/A       100%        2
c - Call Canine Familiar  Summ           0%         N/A       100%        3
d - Confusing Touch       Hex            0%         N/A       100%        3
e - Blade Hands           Tmut           0%         N/A       100%        5
f - Fireball              Conj/Fire      0%         3d3       100%        5
g - Invisibility          Hex            0%         N/A       100%        6
h - Iron Shot             Conj/Erth      0%         9d1       100%        6
i - Conjure Ball Lightni  Conj/Air       0%         3x3d6     100%        6
j - Dragon Form           Tmut           0%         N/A       100%        7
k - Necromutation         Tmut/Necr      0%         N/A       100%        8
Your spell library was empty.


Dungeon Overview and Level Annotations

Branches:
Dungeon (15/15)            Temple (0/1) D:5            Lair (6/6) D:11
  Swamp (4/4) Lair:2        Snake (4/4) Lair:2        Slime (0/5) Lair:5
    Orc (2/2) D:11            Elf (0/3) Orc:2        Vaults (5/5) D:14
  Crypt (0/3) Vaults:2     Depths (0/4) D:15          Sewer (visited)
Ossuary (visited)           IceCv (visited)         Volcano (visited)

Altars:
Gozag
Makhleb
Qazlal
Sif Muna
Trog
Uskayaw
The Shining One
Beogh

Shops:
D:8 (=[   Orc:1 =   Orc:2 ::(?   Snake:1 *   Snake:4 :=:   Vaults:1 ?
Vaults:2 [

Annotations:
D:15 2 transporters, Nerchy's ghost, journeyman TrHu
Swamp:3 2 transporters, Heedrag's ghost, adept DsCj
Snake:1 3 runed translucent doors, exclusion: obsidian statue, Gilette's ghost, adept GnEE
Vaults:3 5 transporters


Innate Abilities, Weirdness & Mutations

You are immune to sickness and miasma.
You are immune to poison.
Your flesh is very heat resistant. (rF++)
You are vulnerable to cold. (rC-)
You float through the air rather than walking.
You learn spells naturally, not from books.
Your magical power is your life essence.
You have superior vitality. (+4 HP)
You possess an exceptional clarity of mind.
Your body sometimes deteriorates upon taking damage.
Your movements are slightly less encumbered by armour. (ER -2)


Message History

Found a Fen Folio.
The purple very ugly thing gurgles horribly!
The titan shouts!
You hear a shout!
The ogre mage casts a spell at you.
You suddenly lose the ability to move!
The purple very ugly thing basks in the mutagenic energy from its kin and changes!
The titan casts a spell at you. The bolt of lightning hits you!!
* * * LOW HITPOINT WARNING * * *
Your body deteriorates!
You feel dopey.
The brown very ugly thing tail-slaps you but does no damage.
A tengu reaver comes into view. It is wielding a +3 great sword.
The yaktaur shoots a bolt.
The bolt hits you.
* * * LOW HITPOINT WARNING * * *
A yaktaur comes into view.
The brown very ugly thing tail-slaps you but does no damage.
The tengu reaver shouts!
You hear a shout!
The brown very ugly thing pecks you but does no damage.
The brown very ugly thing tail-slaps you but does no damage.
A deep elf annihilator comes into view.
It is wielding a +1 long sword of flaming.
The white very ugly thing claws you!
* * * LOW HITPOINT WARNING * * *
The white very ugly thing freezes you! You resist.
* * * LOW HITPOINT WARNING * * *
The ogre mage gestures wildly while chanting.
The ogre mage flickers and vanishes for a moment.
The brown very ugly thing basks in the mutagenic energy from its kin and changes!
The brown very ugly thing tail-slaps you!
* * * LOW HITPOINT WARNING * * *
The acid corrodes you!
You are splashed with acid.
You resist.
* * * LOW HITPOINT WARNING * * *
The vault warden hits you with a +3 great sword of holy wrath.
* * * LOW HITPOINT WARNING * * *
The deep elf annihilator mumbles some strange words.
The deep elf annihilator blinks!
The white very ugly thing claws you.
* * * LOW HITPOINT WARNING * * *
The white very ugly thing freezes you!! You resist.
* * * LOW HITPOINT WARNING * * *
The vault warden hits you with a +3 great sword of holy wrath!!
You die...

....# ....# ....#
....# ....#
#################....#
................uu...#
..............##@.#..#
....§...§....###up#
....§§).....## Cc.#
....§§§.§.§## QO..#
#.....§.§.## .c...#
#....§§§## ......#
##..=§§## .......#
##|.§## :..§....# ##.#


You could see a titan, 3 very ugly things, a vault warden, a tengu reaver, an
ogre mage (invisible) and 2 yaktaurs.

Vanquished Creatures
  A dread lich (Vaults:4)
  Bai Suzhen (Vaults:3)
  Saint Roka (Orc:1)
  Xtahua (Vaults:2)
  A tentacled monstrosity (Swamp:2)
  A titan (Vaults:4)
  2 sphinxes
  A thorn hunter (Swamp:4)
  A shadow dragon (Vaults:4)
  2 storm dragons (Vaults:4)
  Roxanne (Swamp:4)
  7 nagarajas (Snake:4)
  2 fire giants
  A frost giant (Vaults:1)
  15 vault wardens
  2 deep elf sorcerers
  Aizul (Snake:1)
  Louise (Swamp:1)
  2 orc warlords (Vaults:3)
  14 very ugly things
  5 stone giants
  14 ironbound preservers
  A deep elf annihilator (Vaults:3)
  3 bunyips
  A crystal guardian (Vaults:1)
  5 eleionomae
  21 dire elephants
  An ettin (Vaults:4)
  3 great orbs of eyes
  6 ironbound thunderhulks
  3 shambling mangroves
  36 vault guards
  Erolcha (D:13)
  15 naga warriors
  8 yaktaur captains
  3 ghost crabs
  26 hydras
  Harold (D:7)
  A peacekeeper (Vaults:1)
  5 boulder beetles
  A salamander tyrant (Snake:4)
  10 ironbound frosthearts
  2 caustic shrike simulacra (IceCv)
  Erica (D:8)
  A death knight (D:14)
  2 catoblepae
  11 centaur warriors
  29 two-headed ogres
  12 alligators
  6 ogre magi
  A deep troll shaman (Lair:6)
  22 anacondas
  An orc high priest (Orc:1)
  9 shock serpents
  20 death yaks
  17 naga sharpshooters
  5 salamander mystics
  5 goliath frogs
  3 spriggan druids
  38 deep trolls
  12 skeletal warriors
  4 sea snakes (Snake:3)
  7 bog bodies
  8 naga ritualists
  12 swamp dragons
  11 lindwurms
  16 ironbound convokers
  2 necromancers (Vaults:1)
  2 orange crystal statues (IceCv)
  4 phantasmal warriors
  11 wizards
  7 mana vipers
  An orc knight (Vaults:4)
  An oklob plant (Lair:5)
  3 cyclopes (D:10)
  A wolf spider (D:15)
  3 orc sorcerers
  3 deep elf pyromancers
  34 ugly things
  13 salamanders
  A shadow dragon skeleton (Vaults:2)
  4 will-o-the-wisps
  A manticore (D:13)
  A stone giant skeleton (Vaults:1)
  22 elephants
  A frost giant skeleton (Vaults:2)
  12 guardian serpents
  22 naga magi
  4 human skeletons
  34 black mambas
  Maurice (D:8)
  2 rust devils
  12 vault sentinels
  2 elf skeletons (Vaults:2)
  12 cane toads
  3 gargoyles
  15 komodo dragons
  6 rime drakes
  A yaktaur zombie (Vaults:1)
  A torpor snail (Lair:2)
  A kobold demonologist (D:12)
  43 yaktaurs
  A human zombie (Vaults:1)
  An efreet (Volcano)
  2 freezing wraiths
  2 anaconda simulacra (IceCv)
  2 yaktaur skeletons
  A wandering mushroom (Lair:4)
  5 trolls
  8 tyrant leeches
  4 polar bears
  Grinder (D:7)
  9 hornets
  42 slime creatures
  Prince Ribbit (Lair:3)
  27 blink frogs
  10 dream sheep
  A deep troll zombie (Vaults:1)
  A vampire (D:14)
  A redback (shapeshifter) (Vaults:4)
  4 spriggans
  67 yaks
  2 fire elementals (Volcano)
  5 wraiths
  4 wyverns
  6 basilisks
  9 fire bats
  A golden eye (shapeshifter) (D:14)
  A steam dragon (Lair:3)
  A human simulacrum (Vaults:1)
  11 vampire mosquitoes
  46 nagas
  3 harpy simulacra (IceCv)
  15 swamp worms
  4 acid dragons
  2 wargs (D:11)
  Duvessa (D:4)
  2 hydra simulacra (IceCv)
  16 water moccasins
  An ogre skeleton (Vaults:2)
  22 orc warriors
  An ettin simulacrum (IceCv)
  12 swamp drakes
  2 ice beasts
  4 black bears
  A necrophage (D:5)
  A hornet zombie (D:9)
  2 alligator simulacra (IceCv)
  30 ogres
  17 wolves
  3 boggarts (Vaults:1)
  14 centaurs
  A kobold brigand (D:10)
  2 elf zombies
  An earth elemental (Volcano)
  11 bullfrogs
  3 scorpions
  Dowan (D:4)
  A wyvern zombie (D:8)
  2 ballistomycetes
  A lindwurm simulacrum (IceCv)
  15 killer bees
  6 howler monkeys
  9 wights
  5 lava snakes (Volcano)
  11 centaur zombies
  2 hounds
  11 orc priests
  A gnoll shaman (D:10)
  Jessica (D:2)
  Crazy Yiuf (D:4)
  Ijyb (D:3)
  An iguana (Lair:2)
  17 orc wizards
  5 hell rats (Lair:4)
  2 merfolk sirens (Sewer)
  A merfolk avatar (Sewer)
  3 hound zombies
  3 mummies (Ossuary)
  A hound skeleton (D:4)
  A howler monkey zombie (D:8)
  Robin (D:2)
  4 gnolls
  A howler monkey skeleton (D:4)
  14 adders
  A shadow imp (D:7)
  5 adder zombies (Ossuary)
  An adder skeleton (D:5)
  2 worms (D:3)
  2 dart slugs (D:3)
  46 orcs
  10 ball pythons
  9 endoplasms
  5 giant cockroaches
  2 gnoll zombies (Ossuary)
  12 hobgoblins
  4 jackals (D:3)
  9 kobolds
  7 quokkas
  2 bats
  8 frilled lizards
  11 goblins
  5 goblin zombies (Ossuary)
  2 hobgoblin zombies (Ossuary)
  3 jackal zombies (Ossuary)
  2 kobold zombies (Ossuary)
  2 orc zombies (Ossuary)
  5 quokka zombies (Ossuary)
  26 rats
  4 rat zombies (Ossuary)
  2 ballistomycete spores (Lair:4)
  A butterfly (D:5)
1526 creatures vanquished.

Vanquished Creatures (collateral kills)
  Vashnia (Snake:3)
  Jorgrun (D:15)
  Snorg (D:11)
  A naga warrior (Snake:1)
  A hydra (Swamp:4)
  An ogre mage (D:15)
  A caustic shrike simulacrum (IceCv)
  An anaconda (Snake:3)
  2 two-headed ogres
  A naga sharpshooter (Snake:3)
  Sonja (D:11)
  A salamander mystic (Snake:1)
  A mana viper (Snake:1)
  2 ugly things
  A manticore (D:15)
  A guardian serpent (Snake:3)
  A black mamba (Snake:1)
  A freezing wraith (IceCv)
  An anaconda simulacrum (IceCv)
  A troll (D:13)
  4 blink frogs
  A yak (Lair:6)
  A vampire (D:9)
  A basilisk (Lair:3)
  A fire bat (Volcano)
  2 vampire mosquitoes (D:15)
  3 hydra simulacra (IceCv)
  3 nagas
  2 orc warriors
  4 wolves
  An ogre (D:15)
  A hobgoblin (D:2)
46 creatures vanquished.

Vanquished Creatures (others)
  A vault warden (Vaults:5)
  An ugly thing (Swamp:4)
  2 yaktaurs (Vaults:5)
  2 bloated husks
  A meliai (shapeshifter) (Vaults:5)
  A naga (Snake:2)
  An orc wizard (Vaults:5)
  A goblin (D:2)
  A hobgoblin (D:2)
  A kobold (D:3)
  4 ballistomycete spores (Lair:5)
  16 foxfires
  66 fungi
  72 plants
170 creatures vanquished.

Grand Total: 1742 creatures vanquished

Notes
Turn   | Place    | Note
-------+----------+-------------------------------------------
     0 | D:1      | GordonOverkill the Djinni Artificer began the quest for the
                  | Orb.
     0 | D:1      | Reached XP level 1. HP: 17/17 MP: 0/0
   356 | D:1      | Reached XP level 2. HP: 20/22 MP: 0/0
   937 | D:1      | Reached XP level 3. HP: 11/28 MP: 0/0
   937 | D:1      | Learned a level 1 spell: Beastly Appendage
  1745 | D:1      | Reached skill level 1 in Short Blades
  2215 | D:2      | Reached XP level 4. HP: 10/33 MP: 0/0
  2433 | D:2      | Noticed Jessica
  2569 | D:2      | Killed Jessica
  2667 | D:2      | Noticed Robin
  2978 | D:2      | Gained mutation: You are weak. (Str -2) [potion of
                  | mutation]
  2978 | D:2      | Gained mutation: You are robust. (+10% HP) [potion of
                  | mutation]
  3003 | D:2      | Killed Robin
  3004 | D:2      | Reached XP level 5. HP: 22/42 MP: 0/0
  3004 | D:2      | Learned a level 2 spell: Passwall
  3141 | D:2      | Lost mutation: You are weak. (Str -2) [potion of mutation]
  3141 | D:2      | Lost mutation: You are robust. (+10% HP) [potion of
                  | mutation]
  3141 | D:2      | Gained mutation: You possess an exceptional clarity of
                  | mind. [potion of mutation]
  3141 | D:2      | Gained mutation: Your body sometimes deteriorates upon
                  | taking damage. [potion of mutation]
  3141 | D:2      | Gained mutation: Your movements are slightly less
                  | encumbered by armour. (ER -2) [potion of mutation]
  3303 | D:2      | Found a faded altar of an unknown god.
  5213 | D:3      | Noticed an ice beast
  5488 | D:3      | Killed an ice beast
  5489 | D:3      | Reached XP level 6. HP: 34/46 MP: 0/0
  6015 | D:4      | Noticed Ijyb
  6016 | D:4      | Paralysed by Ijyb for 4 turns
  6017 | D:4      | Noticed Duvessa
  6131 | D:4      | Noticed Dowan
  6296 | D:3      | HP: 1/47 [Ijyb (4)]
  6298 | D:3      | Killed Ijyb
  6619 | D:4      | Reached XP level 7. HP: 24/51 MP: 0/0
  6619 | D:4      | Learned a level 3 spell: Call Canine Familiar
  6621 | D:4      | Killed Duvessa
  6622 | D:4      | Reached skill level 1 in Maces & Flails
  6622 | D:4      | Reached skill level 5 in Evocations
  6624 | D:4      | Killed Dowan
  7007 | D:4      | Found a runed translucent door.
  7008 | D:4      | Noticed Crazy Yiuf
  7059 | D:4      | Found a burning altar of Makhleb.
  7160 | D:4      | Became a worshipper of Makhleb the Destroyer
  7236 | D:4      | Found a hide-covered altar of Uskayaw.
  7366 | D:4      | Killed Crazy Yiuf
  7405 | D:5      | Entered Level 5 of the Dungeon
  7405 | D:5      | Found a staircase to the Ecumenical Temple.
  7424 | D:5      | Reached XP level 8. HP: 58/58 MP: 0/0
  7525 | D:5      | Reached skill level 1 in Invocations
  7540 | D:5      | Found a sand-covered staircase.
  7546 | Ossuary  | Entered an ossuary
  7597 | Ossuary  | Reached * piety under Makhleb
  8027 | D:5      | Reached skill level 5 in Fighting
  8646 | D:6      | Reached XP level 9. HP: 55/65 MP: 0/0
  8646 | D:6      | Learned a level 3 spell: Confusing Touch
  8831 | D:6      | Found a glowing drain.
  8840 | Sewer    | Entered a sewer
  8848 | Sewer    | Reached ** piety under Makhleb
  9891 | D:7      | Reached skill level 1 in Shields
 10053 | D:7      | Noticed Harold
 10070 | D:7      | Killed Harold
 10071 | D:7      | Reached skill level 2 in Shields
 10074 | D:7      | Reached XP level 10. HP: 35/73 MP: 0/0
 10477 | D:7      | Reached skill level 3 in Shields
 10489 | D:7      | Reached skill level 5 in Invocations
 11482 | D:6      | Noticed a rust devil
 11482 | D:6      | Noticed a rust devil
 11482 | D:6      | Noticed Grinder
 11501 | D:7      | Reached *** piety under Makhleb
 11747 | D:7      | Killed a rust devil
 11748 | D:7      | Reached skill level 4 in Shields
 11884 | D:7      | Paralysed by Grinder for 6 turns
 11904 | D:7      | Killed Grinder
 11905 | D:7      | Reached skill level 5 in Maces & Flails
 12052 | D:6      | Killed a rust devil
 12129 | D:6      | Identified the +4 plate armour "Paextill" {Regen+ Str+3}
 12259 | D:8      | Found Ydush's Antique Weapon Shop.
 12262 | D:8      | Noticed Maurice
 12458 | D:8      | Found Raruss's Jewellery Shop.
 12481 | D:8      | Found Coskunoh's Antique Armour Boutique.
 12507 | D:8      | Bought a glowing broad axe for 203 gold pieces
 12607 | D:8      | Reached skill level 5 in Shields
 12779 | D:8      | Found a glowing golden altar of the Shining One.
 12886 | D:8      | Reached skill level 1 in Axes
 13063 | D:8      | Noticed Erica
 13074 | D:8      | Paralysed by Erica for 4 turns
 13083 | D:8      | Killed Erica
 13084 | D:8      | Reached XP level 11. HP: 57/81 MP: 0/0
 13084 | D:8      | Learned a level 5 spell: Blade Hands
 13580 | D:8      | Paralysed by something for 6 turns
 13710 | D:8      | Reached skill level 6 in Shields
 13719 | D:8      | Paralysed by Maurice for 7 turns
 14528 | D:10     | Entered Level 10 of the Dungeon
 14549 | D:10     | Reached **** piety under Makhleb
 14564 | D:10     | Reached skill level 7 in Shields
 14669 | D:10     | Noticed a two-headed ogre
 14684 | D:10     | Killed a two-headed ogre
 14787 | D:10     | Noticed a boulder beetle
 15051 | D:10     | Noticed a deep elf pyromancer
 15067 | D:10     | Killed a deep elf pyromancer
 15070 | D:10     | Noticed a two-headed ogre
 15076 | D:10     | Killed a two-headed ogre
 15077 | D:10     | Reached skill level 5 in Axes
 15077 | D:10     | Reached skill level 8 in Shields
 15077 | D:10     | Reached XP level 12. HP: 91/91 MP: 0/0
 15121 | D:10     | Noticed a four-headed hydra
 15129 | D:10     | Killed a two-headed hydra
 15130 | D:10     | Reached skill level 10 in Fighting
 15160 | D:10     | Noticed a centaur warrior
 15169 | D:10     | Killed a centaur warrior
 15170 | D:10     | Reached skill level 9 in Shields
 15217 | D:10     | Noticed a centaur warrior
 15233 | D:10     | Killed a centaur warrior
 15578 | D:10     | Noticed a two-headed ogre
 15608 | D:9      | Killed a two-headed ogre
 15841 | D:10     | Noticed a two-headed ogre
 15847 | D:10     | Killed a two-headed ogre
 15848 | D:10     | Reached skill level 10 in Shields
 16048 | D:10     | Killed a boulder beetle
 16194 | D:10     | Reached XP level 13. HP: 96/96 MP: 0/0
 16194 | D:10     | Learned a level 5 spell: Fireball
 16239 | D:11     | Noticed Snorg
 16265 | D:11     | Killed Snorg
 16373 | D:11     | Noticed Sonja
 16389 | D:11     | Killed Sonja
 16390 | D:11     | Reached skill level 11 in Shields
 16468 | D:11     | Found a staircase to the Orcish Mines.
 16717 | D:11     | Noticed an eight-headed hydra
 16743 | D:11     | Killed a four-headed hydra
 16758 | D:11     | Identified a scroll of acquirement
 16759 | D:11     | Acquired 1052 gold pieces
 16822 | D:8      | Killed Maurice
 16859 | D:8      | Bought an amulet of reflection for 420 gold pieces
 16938 | D:11     | Found a staircase to the Lair.
 16965 | Lair:1   | Entered Level 1 of the Lair of Beasts
 17006 | Lair:1   | You are sucked into a shaft and drop 1 floor!
 17228 | Lair:1   | Reached skill level 12 in Shields
 17837 | Lair:2   | Found a staircase to the Snake Pit.
 17897 | Lair:2   | Identified the +4 helmet of the Shoals {Str+4 Int+2}
 18067 | Lair:2   | Reached XP level 14. HP: 103/103 MP: 0/0
 18254 | Lair:2   | Found a staircase to the Swamp.
 18417 | Lair:3   | Noticed Prince Ribbit
 18434 | Lair:3   | Reached ***** piety under Makhleb
 18435 | Lair:3   | Reached skill level 10 in Axes
 18523 | Lair:3   | Killed Prince Ribbit
 18817 | Lair:3   | Reached skill level 13 in Shields
 20363 | Lair:4   | Reached skill level 14 in Shields
 20363 | Lair:4   | Reached XP level 15. HP: 112/112 MP: 0/0
 20363 | Lair:4   | Learned a level 6 spell: Invisibility
 20509 | Lair:4   | Acquired a +1 pair of gloves of stealth
 20775 | Lair:5   | Found a staircase to the Slime Pits.
 21399 | Lair:6   | Entered Level 6 of the Lair of Beasts
 21478 | Lair:6   | Reached ****** piety under Makhleb
 21492 | Lair:5   | Reached skill level 15 in Shields
 21789 | Lair:6   | Reached XP level 16. HP: 97/118 MP: 0/0
 21936 | Lair:6   | Reached skill level 5 in Dodging
 21979 | Lair:6   | Reached skill level 5 in Armour
 22280 | Lair:6   | Identified the +10 fustibalus of Dominance {flame, rPois}
 23728 | D:13     | Found a hide-covered altar of Uskayaw.
 23763 | D:13     | Noticed Erolcha
 23772 | D:13     | Killed Erolcha
 23896 | D:13     | Identified the +7 falchion "Fivitor" {drain, rC+ Will+
                  | SInv}
 24579 | D:14     | Found a gate to the Vaults.
 25079 | D:15     | Entered Level 15 of the Dungeon
 25079 | D:15     | Noticed Jorgrun
 25147 | D:15     | Killed Jorgrun
 25395 | D:15     | Noticed a storm dragon
 25398 | D:15     | Noticed Nerchy's ghost (journeyman TrHu)
 25416 | D:15     | Found a transporter.
 25433 | D:15     | Found a transporter.
 25489 | D:15     | Found a stormy altar of Qazlal.
 25775 | D:15     | Reached XP level 17. HP: 108/127 MP: 0/0
 25775 | D:15     | Learned a level 6 spell: Iron Shot
 25863 | D:15     | Found a staircase to the Depths.
 26031 | Orc:1    | Entered Level 1 of the Orcish Mines
 26107 | Orc:1    | Found Guah's Jewellery Boutique.
 26274 | Orc:1    | Found a dark tunnel.
 26287 | Volcano  | Entered a volcano
 26441 | Volcano  | Found a burning altar of Makhleb.
 26472 | Volcano  | Found a bloodstained altar of Trog.
 26995 | Orc:2    | Entered Level 2 of the Orcish Mines
 27026 | Orc:2    | Noticed Saint Roka
 27031 | Orc:2    | Paralysed by an orc sorcerer for 3 turns
 27063 | Orc:1    | Killed Saint Roka
 27170 | Orc:2    | Paralysed by something for 3 turns
 27178 | Orc:2    | Paralysed by an ogre mage for 5 turns
 27340 | Orc:2    | Reached skill level 15 in Axes
 27346 | Orc:2    | Found Sacico Heyma's Book Emporium.
 27346 | Orc:2    | Found Dugokk's Antique Weapon Shop.
 27347 | Orc:2    | Found Niosm's Book Shop.
 27347 | Orc:2    | Found Orghifuid's Magic Scroll Shoppe.
 27503 | Orc:2    | Found a staircase to the Elven Halls.
 27642 | Orc:2    | Bought a scroll of fear for 49 gold pieces
 27642 | Orc:2    | Bought a scroll of teleportation for 42 gold pieces
 27642 | Orc:2    | Bought a scroll of summoning for 133 gold pieces
 27642 | Orc:2    | Bought 3 scrolls of magic mapping for 147 gold pieces
 27642 | Orc:2    | Bought 2 scrolls of magic mapping for 98 gold pieces
 27642 | Orc:2    | Bought a scroll of fog for 28 gold pieces
 27685 | Orc:1    | Bought a +4 ring of slaying for 1326 gold pieces
 27803 | Snake:1  | Entered Level 1 of the Snake Pit
 28139 | Snake:1  | Noticed Aizul
 28147 | Snake:1  | Killed Aizul
 28479 | Snake:1  | Found a runed translucent gate.
 28479 | Snake:1  | Found a runed translucent gate.
 28479 | Snake:1  | Found a runed translucent gate.
 28480 | Snake:1  | Noticed Gilette's ghost (adept GnEE)
 28481 | Snake:1  | Found an opulent altar of Gozag.
 28491 | Snake:1  | Found Qoasotiv's Assorted Antiques.
 29179 | Snake:2  | Reached XP level 18. HP: 123/135 MP: 0/0
 29395 | Snake:2  | Identified the +6 broad axe of the Coin {vamp, *Rage rC+
                  | SInv}
 29444 | Snake:2  | Reached skill level 10 in Invocations
 31383 | Snake:3  | Noticed Vashnia
 31407 | Snake:3  | HP: 6/135 [Vashnia/bolt (2)]
 31407 | Snake:3  | Killed Vashnia
 31704 | Snake:4  | Entered Level 4 of the Snake Pit
 32052 | Snake:3  | Reached XP level 19. HP: 140/140 MP: 0/0
 32052 | Snake:3  | Learned a level 6 spell: Conjure Ball Lightning
 32582 | Snake:4  | Reached skill level 16 in Shields
 32793 | Snake:4  | Got a serpentine rune of Zot
 33064 | Snake:4  | Found Ydghelo's Book Shop.
 33066 | Snake:4  | Found Haob Sax's Jewellery Emporium.
 33068 | Snake:4  | Found Xistoresch's Book Shop.
 33080 | Snake:4  | Bought a manual of Dodging for 1120 gold pieces
 33226 | Swamp:1  | Entered Level 1 of the Swamp
 33431 | Swamp:1  | Noticed Louise
 33446 | Swamp:1  | Killed Louise
 33875 | Swamp:2  | Noticed a tentacled monstrosity
 34011 | Swamp:2  | Reached XP level 20. HP: 147/147 MP: 0/0
 34017 | Swamp:2  | Killed a tentacled monstrosity
 34549 | Swamp:3  | Noticed Heedrag's ghost (adept DsCj)
 34749 | Swamp:3  | Found a transporter.
 34786 | Swamp:3  | Found a transporter.
 34787 | Swamp:3  | Found a bloodstained altar of Trog.
 34822 | Swamp:3  | Identified the +6 falchion "Qigap" {vorpal, rElec rN+ Will+
                  | Str-5 Dex+3}
 35076 | Swamp:3  | Acquired a manual of Invocations
 35090 | Swamp:4  | Entered Level 4 of the Swamp
 35102 | Swamp:4  | Reached skill level 17 in Shields
 35324 | Swamp:4  | Reached skill level 10 in Dodging
 35509 | Swamp:4  | Found a frozen archway.
 35549 | IceCv    | Entered an ice cave
 35751 | IceCv    | Reached skill level 15 in Invocations
 36049 | Swamp:4  | Got a decaying rune of Zot
 36112 | Swamp:4  | Noticed Roxanne
 36125 | Swamp:4  | Killed Roxanne
 36734 | Vaults:1 | Entered Level 1 of the Vaults
 36735 | Vaults:1 | Upgraded the game from 0.28-a0-544-g207b005307 to
                  | 0.28-a0-561-gc72452776e
 36880 | Vaults:1 | Reached XP level 21. HP: 152/152 MP: 0/0
 36880 | Vaults:1 | Learned a level 7 spell: Dragon Form
 36972 | Vaults:1 | Reached skill level 18 in Shields
 37701 | Vaults:1 | Identified the ring "Huqueco" {Int+6 Dex+3 Stlth+}
 37805 | Vaults:1 | Found Camaj's Magic Scroll Shop.
 37837 | Vaults:1 | Bought a scroll of silence for 97 gold pieces
 37837 | Vaults:1 | Bought a scroll of enchant armour for 97 gold pieces
 37837 | Vaults:1 | Bought a scroll of fear for 45 gold pieces
 37837 | Vaults:1 | Bought a scroll of teleportation for 39 gold pieces
 37837 | Vaults:1 | Bought a scroll of teleportation for 39 gold pieces
 38621 | Vaults:2 | Reached skill level 19 in Shields
 38938 | Vaults:2 | Found Zaeneat's Antique Armour Emporium.
 39059 | Vaults:2 | Reached XP level 22. HP: 152/158 MP: 0/0
 39495 | Vaults:2 | Found a staircase to the Crypt.
 39578 | Vaults:2 | Noticed Xtahua
 39593 | Vaults:2 | Killed Xtahua
 39664 | Vaults:2 | Reached skill level 20 in Shields
 40903 | Vaults:3 | Found a transporter.
 40920 | Vaults:3 | Found a transporter.
 40920 | Vaults:3 | Found a transporter.
 40939 | Vaults:3 | Found a transporter.
 40956 | Vaults:3 | Found a transporter.
 40956 | Vaults:3 | Identified the ring of Domamuc {*Corrode rElec Str+6 Int+3}
 41009 | Vaults:3 | Noticed Bai Suzhen
 41025 | Vaults:3 | Killed Bai Suzhen
 41102 | Vaults:3 | Reached skill level 15 in Fighting
 41465 | Vaults:4 | Reached XP level 23. HP: 163/164 MP: 0/0
 41465 | Vaults:4 | Learned a level 8 spell: Necromutation
 42683 | Vaults:5 | Entered Level 5 of the Vaults
 42825 | Vaults:5 | Noticed a dread lich
 43144 | Vaults:4 | Killed a dread lich
 43151 | Vaults:5 | Noticed an ancient lich
 43196 | Vaults:5 | Paralysed by an ogre mage for 7 turns
 43202 | Vaults:5 | HP: 2/176 [white very ugly thing (18)]
 43202 | Vaults:5 | Annihilated by a vault warden

Illustrated notes

Levels and vault maps discovered:
D:1:      dpeg_arrival_round_c, layout_loops_corners
D:2:      layout_basic, ebering_ecumenical_altar_sacrificial,
          minmay_misc_feat_rugged, minivault_25, uniq_robin, uniq_jessica
D:3:      layout_loops_corners, nicolae_sif_muna_condensation
D:4:      layout_cave_pools, mainiacjoe_overflow_six_doors_small,
          lemuel_tele_altar, uniq_ijyb, uniq_crazy_yiuf_cottage, uniq_duvessa
D:5:      layout_basic, minmay_temple_entry_butterflies, enter_ossuary_1,
          grunt_decor_cap, minmay_between
D:6:      cheibrodos_iron_armory, layout_loops_ring, portal_sewer_entry_d,
          minmay_holes, uniq_grinder
D:7:      layout_basic, uniq_harold
D:8:      layout_gridville, nicolae_tso_carved_into_rock, serial_shops,
          kennysheep_mini, nicolae_shop_overgrown_old_shop, nicolae_shop_stone,
          uniq_erica, uniq_maurice
D:9:      layout_rooms, kennysheep_generic_room_8
D:10:     minmay_the_grid_3x3 [minmay_the_grid_spikes, minmay_the_grid_expand,
          minmay_the_grid_rooms, minmay_the_grid_odd_star,
          minmay_the_grid_broken_lines, minmay_the_grid_mess,
          minmay_the_grid_tree, minmay_the_grid_small_cups,
          minmay_the_grid_prize_four_corners_diamond_a], layout_basic
D:11:     layout_basic, david_lair_shrubbed, david_orc_1_choice,
          minmay_lindwurm_lava, uniq_sonja, uniq_snorg
D:12:     layout_loops_corners
D:13:     layout_roguey, nicolae_uskayaw_en_pointe, uniq_erolcha
D:14:     layout_loops_cross, david_vaults_5, minmay_misc_feat_cross
D:15:     hangedman_depths_entry_try_elsewhere_first, layout_loops_ring,
          lemuel_round_altar, gammafunk_ghost_berserking_beasts, uniq_jorgrun
Lair:1:   layout_long_grid, lemuel_fruit_fields, grunt_megastairs_4
Lair:2:   layout_cave_shapes, palyth_hydra_swamp_entry,
          chequers_serial_rivers_large_a
Lair:3:   layout_loops_ring, serial_bayou_shore_b, uniq_prince_ribbit2
Lair:4:   minmay_lair_oklob_chamber, layout_layer_cave,
          grunt_forest_large_clearing_hut
Lair:5:   layout_gridlike, minmay_slime_entry_oklob_enclosed
Lair:6:   grunt_lair_end_beastmaster, layout_long_grid
Swamp:1:  layout_basic_swamp, evilmike_swamp_ruin_house_1, swamp_pool5,
          uniq_louise
Swamp:2:  layout_basic_swamp, nicolae_swamp_fairy_circle
Swamp:3:  layout_basic_swamp, gammafunk_ghost_wrathful_warriors,
          evilmike_swamp_ruin_house_5, infiniplex_staircase_pool_2
Swamp:4:  swamp_alternative, layout_basic_swamp,
          portal_ice_cave_entry_ugly_swarm, swamp_pool2, uniq_roxanne
Snake:1:  layout_layer_cave, ebering_ghost_gozag, uniq_aizul
Snake:2:  layout_layer_cave
Snake:3:  nicolae_snake_attic_fulla_snakes, layout_layer_cave, uniq_vashnia
Snake:4:  grunt_snake_rune_serpentine_throne, layout_misc_corridors,
          nicolae_large_snake_swirl, minmay_shop_grove
Orc:1:    layout_diamond_mine, serial_shops, shop, nicolae_volcano_entry_batcave
Orc:2:    st_orc_ogre_mass, layout_diamond_mine, basic_altar, uniq_saint_roka
Vaults:1: v_alt_pattern_2, nicolae_vaults_puzzle_piece, v_misc_30,
          nicolae_vaults_ninety_degrees, v_misc_17, hangedman_vaults_locks,
          v_misc_33, v_alt_pattern_3, grunt_vaults_bifocal, st_octagons_2,
          nicolae_vaults_little_squares_6, vaults_mumra_chevron,
          nicolae_vaults_angled_halls, v_misc_19,
          nicolae_vaults_little_squares_4, layout_vaults_maze_bifur,
          serial_shops, shop
Vaults:2: nicolae_vaults_little_squares_6, v_misc_9,
          minmay_crypt_entry_skeletal_spiral, nicolae_vaults_an_arrangement,
          vaults_mumra_hexcomb, v_misc_14, v_misc_9, v_pattern_4,
          vaults_room_door_ring, ontoclasm_vaults_decontamination,
          nicolae_vaults_specimen_jars, layout_vaults_ring, serial_shops,
          nicolae_shop_stone, uniq_xtahua
Vaults:3: ontoclasm_vaults_fault, v_misc_19, v_pattern_2,
          nicolae_vaults_network_quinsquares
          [nicolae_vaults_network_quincunx_subvault,
          nicolae_vaults_network_quincunx_subvault,
          nicolae_vaults_network_quincunx_subvault,
          nicolae_vaults_network_quincunx_subvault],
          nicolae_vaults_big_angled_halls, nicolae_vaults_network_s,
          gammafunk_the_bubble [the_bubble_gammafunk_roulette],
          nicolae_vaults_little_squares_2, v_misc_10, ontoclasm_vaults_shuriken,
          v_misc_2, hangedman_vaults_impose, vaults_room_fours,
          layout_vaults_omnibox, uniq_bai_suzhen
Vaults:4: vaults_room_door_hall, v_misc_12, hangedman_vaults_maws, v_misc_14,
          nicolae_vaults_puzzle_piece, nicolae_vaults_yaktaur_gun_rack,
          ontoclasm_vaults_chip, vaults_room_pool, layout_vaults_quadrants
Vaults:5: serial_shops

Skill      XL: |  1  2  3  4  5  6  7  8  9 10 11 12 13 14 15 16 17 18 19 20 21 22 23 |
---------------+----------------------------------------------------------------------+-----
Fighting       | 2 3 4 5 6 8 9 10 12 13 14 15 18 | 18.7
Short Blades   | 1 2 |  2.9
Evocations     | 4 5 6 |  6.0
Maces & Flails | 2 3 4 5 |  5.3
Invocations    | 2 4 5 8 9 12 13 15 16 | 16.0
Dodging        | 3 4 5 7 10 11 | 11.0
Armour         | 2 4 6 |  6.0
Shields        | 2 5 8 10 12 14 15 16 17 19 20 | 20.0
Axes           | 2 5 7 9 11 13 15 16 17 18 19 | 19.7
Stealth        | |  0.7

Action                   |  1- 3 |  4- 6 |  7- 9 | 10-12 | 13-15 | 16-18 | 19-21 | 22-24 || total
-------------------------+-------+-------+-------+-------+-------+-------+-------+-------++-------
Melee: Club              |    12 |     9 |   222 |   105 |       |       |       |       ||   348
       Dagger            |    80 |   324 |       |       |       |       |       |       ||   404
       Short sword       |     1 |       |       |       |       |       |       |       ||     1
       Broad axe         |       |       |       |   439 |   813 |  1077 |  1287 |   926 ||  4542
       Scimitar          |       |       |       |     3 |    38 |    12 |    99 |       ||   152
Invok: Lesser Servant of |       |       |       |    13 |    10 |    13 |     4 |     1 ||    41
       Minor Destruction |       |       |       |     4 |       |       |       |       ||     4
       Greater Servant o |       |       |       |       |       |     4 |     2 |       ||     6
Evoke: Piece from Xom's  |    16 |     8 |       |    14 |     2 |       |       |       ||    40
       Wand              |    15 |     8 |     1 |    21 |    10 |    14 |       |     1 ||    70
       Phantom mirror    |       |       |       |     1 |       |     1 |       |       ||     2
       Tin of tremorston |       |       |       |       |       |     2 |     6 |       ||     8
       Phial of floods   |       |       |       |       |       |       |     1 |       ||     1
  Use: Scroll            |     3 |     5 |     5 |     9 |    11 |     7 |     8 |     7 ||    55
       Potion            |       |     6 |     2 |     5 |       |     6 |     1 |     6 ||    26
 Stab: Paralysed         |     2 |       |     3 |    14 |       |     8 |       |       ||    27
       Sleeping          |     1 |       |       |     2 |       |       |       |       ||     3
       Distracted        |       |       |     2 |     4 |     2 |     1 |     1 |       ||    10
       Petrified         |       |       |       |       |    16 |       |       |       ||    16
       Petrifying        |       |       |       |       |     5 |       |       |       ||     5
       Invisible         |       |       |       |       |       |     1 |       |     6 ||     7
       Confused          |       |       |       |       |       |       |     4 |       ||     4
Armor: Leather armour    |    10 |       |       |       |       |       |       |       ||    10
       Scale mail        |    32 |   107 |    83 |    37 |       |       |       |       ||   259
       Skin              |       |     5 |    22 |       |       |       |       |       ||    27
       Plate armour      |       |       |       |   302 |   406 |   384 |   879 |   340 ||  2311
Dodge: Dodged            |    48 |   143 |   110 |   368 |   407 |   308 |   426 |   263 ||  2073
Block: Kite shield       |       |       |    32 |   376 |   837 |   653 |       |       ||  1898
       Reflection        |       |       |       |       |     6 |   114 |    82 |    66 ||   268
       Tower shield      |       |       |       |       |       |   403 |  1918 |  1120 ||  3441

Table legend: (Time is in decaauts)
 A = Elapsed time spent in this place.
 B = Non-inter-level travel time spent in this place.
 C = Inter-level travel time spent in this place.
 D = Time resting spent in this place.
 E = Time spent auto-exploring this place.
 F = Levels seen in this place.
 G = Mean time per level.
                   A        B        C        D        E       F      G
               +--------+--------+--------+--------+--------+-----+--------+
         Total |  43745 |  41385 |   2360 |   7540 |  21133 |  40 | 1093.6 |
       Dungeon |  20278 |  18878 |   1400 |   5529 |   8631 |  15 | 1351.9 |
          Lair |   5646 |   5292 |    354 |    169 |   3423 |   6 |  941.0 |
         Swamp |   3330 |   3211 |    119 |    552 |   1436 |   4 |  832.5 |
     Snake Pit |   5571 |   5395 |    176 |    425 |   3571 |   4 | 1392.8 |
  Orcish Mines |   1429 |   1335 |     94 |    167 |    629 |   2 |  714.5 |
        Vaults |   6206 |   5991 |    215 |    572 |   3133 |   5 | 1241.2 |
         Sewer |    482 |    482 |      0 |      4 |    213 |   1 |  482.0 |
       Ossuary |    260 |    260 |      0 |      0 |     43 |   1 |  260.0 |
      Ice Cave |    316 |    316 |      0 |    121 |      0 |   1 |  316.0 |
       Volcano |    222 |    222 |      0 |      0 |     52 |   1 |  222.0 |
               +--------+--------+--------+--------+--------+-----+--------+

Top non-repeatable levels by time:
     D:7: 2430 daAuts
     D:1: 2339 daAuts
     D:3: 2240 daAuts
     D:2: 2188 daAuts
 Snake:3: 1769 daAuts
Vaults:1: 1711 daAuts
Vaults:4: 1709 daAuts
     D:8: 1526 daAuts
    D:10: 1448 daAuts
Vaults:3: 1441 daAuts
 Snake:1: 1344 daAuts
Vaults:2: 1284 daAuts
 Snake:4: 1265 daAuts
  Lair:4: 1249 daAuts
 Snake:2: 1192 daAuts
